 Dungeon Crawl Stone Soup version 0.32-a0-30-gefbe487952 (webtiles) character file.

Game seed: 395041273992867703

18135 Lyriq the Severer (level 12, -5/159 HPs)
             Began as a Minotaur Berserker on Jan 20, 2024.
             Was a High Priest of Trog.
             Slain by an ogre
             ... wielding a +0 giant spiked club
              (9 damage)
             ... on level 2 of the Orcish Mines.
             The game lasted 01:30:42 (12884 turns).

Lyriq the Severer (Minotaur Berserker)             Turns: 12884, Time: 01:30:43

Health: -5/159     AC: 16    Str: 31    XL:     12   Next: 25%
Magic:  11/11      EV: 11    Int:  4    God:    Trog [*****.]
Gold:   458        SH:  0    Dex: 12    Spells: 11/11 levels left

rFire   . . .        P - +2 battleaxe
rCold   . . .        (shield currently unavailable)
rNeg    . . .        M - +0 plate armour
rPois   .            (helmet restricted)
rElec   .            (no cloak)
rCorr   .            (no gloves)
SInv    .            e - +0 pair of boots
Will    .....        (no amulet) Stlth
                     w - +4 ring of slaying
HPRegen 0.46/turn    F - +6 ring of strength
MPRegen 0.12/turn

%: no passive effects
@: berserking, very quick
A: horns 2, retaliatory headbutt
a: Renounce Religion, Berserk, Trog's Hand, Brothers in Arms


You were on level 2 of the Orcish Mines.
You worshipped Trog.
Trog was extremely pleased with you.
You visited 3 branches of the dungeon, and saw 12 of its levels.
You also visited: Bailey.

You collected 1310 gold pieces.
You spent 852 gold pieces at shops.

Inventory:

Hand Weapons
 i - a +4 morningstar of draining
 n - a +4 dire flail
 B - the +5 whip "Giantbane" {drain, Str+3 SInv}
   (You found it on level 2 of the Dungeon)

   Str+3:     It affects your strength (+3).
   SInv:      It lets you see invisible.
 P - a +2 battleaxe (weapon)
 Y - a +2 war axe of flaming
Armour
 e - a +0 pair of boots (worn)
 M - a +0 plate armour (worn)
Jewellery
 h - a ring of resist corrosion
 j - a ring of protection from fire
 o - the ring "Naeblenuha" {rF+ rC++}
   (You bought it in a shop on level 8 of the Dungeon)

   [ring of protection from fire]

   rF+:       It protects you from fire.
   rC++:      It greatly protects you from cold.
 v - a ring of positive energy
 w - a +4 ring of slaying (left hand)
 F - a +6 ring of strength (right hand)
Wands
 a - a wand of quicksilver (4)
 g - a wand of flame (13)
 X - a wand of iceblast (13)
Scrolls
 b - 2 scrolls of vulnerability {unknown}
 k - 3 scrolls of poison {unknown}
 l - 3 scrolls of amnesia
 m - 3 scrolls of immolation {unknown}
 q - 3 scrolls of fear {unknown}
 r - a scroll of enchant weapon
 y - 3 scrolls of enchant armour {unknown}
 C - 4 scrolls of teleportation
 E - a scroll of torment {unknown}
 G - 4 scrolls of revelation {unknown}
 L - 3 scrolls of fog {unknown}
 N - a scroll of blinking {unknown}
 R - a scroll of butterflies {unknown}
 T - 6 scrolls of identify
 U - 2 scrolls of noise {unknown}
Potions
 c - a potion of resistance
 d - a potion of haste
 f - 4 potions of berserk rage {unknown}
 p - a potion of mutation {unknown}
 t - 2 potions of degeneration {unknown}
 A - 4 potions of heal wounds {unknown}
 D - a potion of lignification {unknown}
 I - 3 potions of might {unknown}
 K - 2 potions of enlightenment {unknown}
 O - a potion of invisibility {unknown}
 W - 2 potions of cancellation {unknown}
Miscellaneous
 Q - a box of beasts


   Skills:
 + Level 9.9 Fighting
 * Level 15.0(16.0) Axes
 - Level 9.4(13.3) Maces & Flails
 + Level 11.9 Armour
 + Level 7.1 Dodging
 - Level 1.4 Stealth
 - Level 4.0 Shields


You had 11 spell levels left.
You didn't know any spells.
Your spell library contained the following spells:

 Spells                   Type           Power      Damage    Failure   Level
 Fugue of the Fallen      Necr           0%         N/A       100%        3
 Ozocubu's Armour         Ice            0%         N/A       100%        3
 Manifold Assault         Tloc           0%         N/A       100%        4


Dungeon Overview and Level Annotations

Branches:
Dungeon (9/15)             Temple (1/1) D:5             Orc (2/2) D:9
    Elf (0/3) Orc:2        Bailey (visited)
   Lair: D:8-11

Altars:
Ashenzari
Cheibriados
Dithmenos
Elyvilon
Fedhas
Gozag
Hepliaklqana
Kikubaaqudgha
Makhleb
Nemelex Xobeh
Okawaru
Qazlal
Ru
Sif Muna
Trog
Uskayaw
Vehumet
Wu Jian
Xom
Yredelemnul
Zin
The Shining One

Shops:
D:2 *   D:8 =

Annotations:
Orc:2 exclusion: upstairs


Innate Abilities, Weirdness & Mutations

You have a pair of horns on your head.
You reflexively headbutt those who attack you in melee.


Message History

The orc priest hits you but does no damage.
You slash the orc priest! Your headbutt misses the orc priest.
The orc priest is heavily wounded.
You slash the two-headed ogre!
The orc priest mumbles some strange prayers to Beogh against you.
You resist with significant effort.
An orc wizard comes into view. It is wielding a +0 dagger.
The two-headed ogre completely misses you.
The two-headed ogre misses you.
You chop the orc priest into pieces!!!
You kill the orc priest!
Trog accepts your kill.
You hit the two-headed ogre. You barely miss the ogre.
The ogre hits you with a +0 giant spiked club!!
An orc warrior comes into view. It is wielding a +0 long sword.
The two-headed ogre hits you with a +0 giant spiked club.
The two-headed ogre barely misses you. Something hits you but does no damage.
You climb downwards.
Level annotation: exclusion: upstairs Reactivating autopickup.
There is a stone staircase leading up here.
You hit the two-headed ogre.
The two-headed ogre is heavily wounded.
You barely miss something. You slash the ogre!
The ogre hits you with a +0 giant spiked club!!
* * * LOW HITPOINT WARNING * * *
You hear some strange, mumbled words.
A magic dart appears from out of thin air!
Deactivating autopickup; reactivate with Ctrl-A.
The magic dart hits you but does no damage.
A red film seems to cover your vision as you go berserk!
You feel yourself moving faster!
You feel mighty!
The two-headed ogre hits you with a +0 giant spiked club!!
* * * LOW HITPOINT WARNING * * *
The two-headed ogre hits you with a +0 giant club!
* * * LOW HITPOINT WARNING * * *
You hear some strange, mumbled words.
Something tries to affect you, but you resist.
The ogre hits you with a +0 giant spiked club!
You die...

##.#....#.......#
#####........###
#........# ##
###......###.##
####.............#
##...............## #
#...#............# .#
##...OO#........##...
#....{@##...........#
#.....#####.........#
#......####.........#
#........###.........
##........#....###...
##..........#### #.#
#...........##.## ##
##.#........#...#
###........#...#


You could see a two-headed ogre and an ogre.

Vanquished Creatures
  An orc warlord (Bailey)
  Erica (D:8)
  A death yak (D:9)
  2 two-headed ogres
  Pikel (D:6)
  2 orc sorcerers
  An orc knight (Orc:2)
  A kobold blastminer (Orc:2)
  Maggie (D:8)
  The ghost of SmokeWeed the Sneak, a novice OpCj (D:5)
  A troll (Orc:2)
  2 shadows
  2 wyverns
  Eustachio (D:6)
  13 yaks (D:9)
  5 steam dragons
  An acid dragon (D:6)
  A water moccasin (D:7)
  9 orc warriors
  A centaur (D:8)
  4 ogres
  2 phantoms (D:5)
  4 lemures (D:6)
  4 kobold brigands
  12 wights
  2 scorpions
  14 killer bees
  5 howler monkeys
  An electric eel (D:9)
  A hound (D:5)
  A jelly (D:6)
  A bombardier beetle (D:4)
  6 orc priests
  2 sleepcaps
  Natasha (thrice) (D:3)
  3 iguanas
  10 orc wizards
  Robin (D:3)
  10 adders
  10 gnolls
  A shadow imp (D:6)
  2 white imps
  2 ufetubi (D:6)
  4 dart slugs
  29 orcs
  17 ball pythons
  5 endoplasms
  2 giant cockroaches
  12 hobgoblins
  9 jackals
  35 kobolds
  3 quokkas
  5 bats
  3 frilled lizards (D:1)
  18 goblins
  3 rats
294 creatures vanquished.

Notes
Turn   | Place    | Note
-------+----------+-------------------------------------------
     0 | D:1      | Lyriq the Minotaur Berserker began the quest for the Orb.
     0 | D:1      | Reached XP level 1. HP: 19/19 MP: 0/0
   124 | D:1      | Reached XP level 2. HP: 26/27 MP: 1/1
   331 | D:1      | Reached skill level 4 in Axes
   979 | D:2      | Reached XP level 3. HP: 33/33 MP: 2/2
  1180 | D:2      | Reached ** piety under Trog
  1355 | D:2      | Found Uvvintae's Assorted Antiques.
  1469 | D:2      | Identified the +5 whip "Giantbane" {drain, Str+3 SInv}
  1546 | D:2      | Reached XP level 4. HP: 32/40 MP: 3/3
  1668 | D:2      | Reached skill level 5 in Axes
  1693 | D:2      | Found a faded altar of an unknown god.
  2160 | D:3      | Found a shadowy altar of Dithmenos.
  2346 | D:3      | Noticed a kobold brigand
  2418 | D:3      | Killed a kobold brigand
  2419 | D:3      | Reached XP level 5. HP: 21/47 MP: 4/4
  2593 | D:3      | Noticed Natasha
  2596 | D:3      | Killed Natasha
  2618 | D:3      | Noticed Robin
  2627 | D:3      | Killed Robin
  2628 | D:3      | Reached skill level 1 in Maces & Flails
  2895 | D:3      | Found a hide-covered altar of Uskayaw.
  2965 | D:3      | Noticed Natasha
  2972 | D:3      | Killed Natasha
  2973 | D:3      | Reached skill level 5 in Armour
  2973 | D:3      | Reached XP level 6. HP: 25/53 MP: 5/5
  3173 | D:3      | Found a broken altar of Ashenzari.
  3265 | D:3      | Noticed Natasha
  3273 | D:3      | Killed Natasha
  3839 | D:4      | Reached *** piety under Trog
  4213 | D:4      | Reached XP level 7. HP: 25/60 MP: 6/6
  4374 | D:4      | Reached skill level 5 in Fighting
  5416 | D:5      | Entered Level 5 of the Dungeon
  5418 | D:5      | Found a staircase to the Ecumenical Temple.
  5431 | Temple   | Entered the Ecumenical Temple
  5819 | D:5      | Noticed a shadow
  5820 | D:5      | Found a transporter.
  5820 | D:5      | Noticed SmokeWeed's ghost (novice OpCj)
  5830 | D:5      | Found a transporter.
  5834 | D:5      | Killed a shadow
  5839 | D:5      | Reached XP level 8. HP: 70/70 MP: 7/7
  5843 | D:5      | Killed SmokeWeed's ghost
  5844 | D:5      | Reached skill level 5 in Maces & Flails
  6095 | D:5      | Found a sparkling altar of Nemelex Xobeh.
  6779 | D:6      | Noticed Pikel
  6789 | D:6      | Killed Pikel
  6790 | D:6      | Reached skill level 1 in Stealth
  6790 | D:6      | Reached skill level 1 in Shields
  7130 | D:6      | Reached XP level 9. HP: 64/78 MP: 8/8
  7161 | D:6      | Identified the +2 robe of Amorality {+Inv Str+6}
  7421 | D:6      | Noticed Eustachio
  7431 | D:6      | Killed Eustachio
  8282 | D:7      | Reached skill level 10 in Armour
  8428 | D:7      | Found a flagged portal.
  8444 | Bailey   | Entered a bailey
  8449 | Bailey   | Noticed an orc warlord
  8507 | Bailey   | Reached **** piety under Trog
  8555 | Bailey   | Found a runed translucent gate.
  8557 | Bailey   | Found a runed translucent gate.
  8559 | Bailey   | Found a runed translucent gate.
  8733 | Bailey   | Killed an orc warlord
  8734 | Bailey   | Reached XP level 10. HP: 82/88 MP: 9/9
  9066 | D:2      | Bought a red potion for 18 gold pieces
  9066 | D:2      | Bought a scroll of identify for 42 gold pieces
  9272 | D:7      | Reached skill level 13 in Axes
  9272 | D:7      | Reached XP level 11. HP: 94/94 MP: 10/10
  9325 | D:7      | Reached skill level 5 in Dodging
  9481 | D:8      | Noticed a two-headed ogre
  9486 | D:8      | Killed a two-headed ogre
 10010 | D:8      | Noticed Erica
 10032 | D:8      | Killed Erica
 10164 | D:8      | Found Kickugir's Jewellery Boutique.
 10339 | D:8      | Noticed Maggie
 10345 | D:8      | Killed Maggie
 10887 | D:9      | Found a staircase to the Orcish Mines.
 11024 | D:9      | Noticed a two-headed ogre
 11032 | D:9      | Killed a two-headed ogre
 11033 | D:9      | Reached skill level 14 in Axes
 11324 | D:9      | Noticed a death yak
 11334 | D:9      | Killed a death yak
 11349 | D:9      | Reached XP level 12. HP: 51/105 MP: 11/11
 12166 | Orc:1    | Entered Level 1 of the Orcish Mines
 12318 | D:8      | Bought the ring "Naeblenuha" {rF+ rC++} for 792 gold pieces
 12456 | Orc:2    | Entered Level 2 of the Orcish Mines
 12469 | Orc:2    | Reached ***** piety under Trog
 12480 | Orc:2    | Found a staircase to the Elven Halls.
 12838 | Orc:1    | Noticed an orc warlord
 12850 | Orc:2    | Reached skill level 15 in Axes
 12872 | Orc:1    | Noticed a two-headed ogre
 12884 | Orc:2    | HP: 4/159 [two-headed ogre/+0 giant spiked club (16)]
 12884 | Orc:2    | Slain by an ogre

Illustrated notes

Levels and vault maps discovered:
D:1:      dpeg_arrival_long_road, layout_basic
D:2:      layout_basic, serial_shops, nicolae_shop_dealshenge,
          shapermc_ecumenical_altar_mp_ritualfount, minmay_cupped
D:3:      cheibrodos_thug_alley, layout_basic,
          mainiacjoe_overflow_catch_the_wave, nicolae_uskayaw_suspiria,
          uniq_robin, uniq_natasha
D:4:      layout_basic, corexii_item_surrounded_by_moat, minmay_ruptured
D:5:      wad_lake_hut, layout_loops_ring, overflow_temple_1_default,
          minmay_temple_entry_statues_pillars, gammafunk_ghost_arena
D:6:      layout_cave_pools, uniq_pikel, uniq_eustachio
D:7:      layout_cave_pools, enter_bailey_3
D:8:      layout_gridville, serial_shops, nicolae_shop_hallway_plus,
          uniq_maggie, uniq_erica
D:9:      argonaut_augean_stables, layout_loops_ring, orc_david_3
Temple:   mainiacjoe_temple_bowtie_tessellation
Orc:1:    layout_caves, basic_altar
Orc:2:    pf_orc_diabolical, layout_diamond_mine

Skill      XL: |  1  2  3  4  5  6  7  8  9 10 11 12 |
---------------+-------------------------------------+-----
Axes           | 4 5 13 14 15 | 15.0
Fighting       | 4 5 6 8 9 |  9.9
Armour         | 3 4 5 6 8 10 11 | 11.9
Dodging        | 3 4 6 7 |  7.1
Maces & Flails | 1 2 4 6 9 |  9.4
Stealth        | 1 |  1.4
Shields        | 1 4 |  4.0

Action                     |  1- 3 |  4- 6 |  7- 9 | 10-12 || total
---------------------------+-------+-------+-------+-------++-------
  Melee: Hand axe          |    64 |       |       |       ||    64
         Headbutt          |    18 |    16 |    38 |    38 ||   110
         Whip              |    31 |   117 |   221 |     1 ||   370
         Punch             |     1 |     1 |       |       ||     2
         Battleaxe         |       |       |       |   169 ||   169
 Invoke: Berserk           |       |     2 |     6 |     5 ||    13
         Trog's Hand       |       |       |     5 |     1 ||     6
    Use: Potion            |       |       |     5 |     2 ||     7
         Scroll            |       |       |     5 |       ||     5
 Armour: Animal skin       |     4 |       |       |       ||     4
         Ring mail         |    23 |       |       |       ||    23
         Scale mail        |    12 |    71 |    45 |       ||   128
         Skin              |       |    15 |       |       ||    15
         Plate armour      |       |       |   126 |   178 ||   304
  Dodge: Dodged            |    51 |    69 |   103 |    79 ||   302
  Block: Buckler           |       |     1 |    45 |       ||    46

Table legend: (Time is in decaauts)
 A = Elapsed time spent in this place.
 B = Non-inter-level travel time spent in this place.
 C = Inter-level travel time spent in this place.
 D = Time resting spent in this place.
 E = Time spent auto-exploring this place.
 F = Levels seen in this place.
 G = Mean time per level.
                   A        B        C        D        E       F      G
               +--------+--------+--------+--------+--------+-----+--------+
         Total |  13042 |  12412 |    630 |   3200 |   3554 |  13 | 1003.2 |
       Dungeon |  11954 |  11384 |    570 |   3049 |   3416 |   9 | 1328.2 |
        Temple |    141 |    104 |     37 |      0 |      0 |   1 |  141.0 |
  Orcish Mines |    617 |    595 |     22 |     32 |    138 |   2 |  308.5 |
        Bailey |    329 |    329 |      0 |    119 |      0 |   1 |  329.0 |
               +--------+--------+--------+--------+--------+-----+--------+

Top non-repeatable levels by time:
     D:3: 1898 daAuts
     D:4: 1688 daAuts
     D:5: 1532 daAuts
     D:8: 1472 daAuts
     D:9: 1368 daAuts
     D:6: 1294 daAuts
     D:2: 1041 daAuts
     D:1: 969 daAuts
     D:7: 690 daAuts
   Orc:2: 411 daAuts
  Bailey: 329 daAuts
   Orc:1: 206 daAuts
  Temple: 141 daAuts
